 Dungeon Crawl Stone Soup version 0.28-a0-537-g3bccd9ccbf (webtiles) character file.

Game seed: 6050582310841140717

263 lunkers the Ruffian (level 5, -7/54 HPs)
             Began as a Troll Cinder Acolyte on Sept 27, 2021.
             Was a High Priest of Ignis.
             Killed by divine providence
             ... invoked by an orc priest
              (12 damage)
             ... on level 4 of the Dungeon.
             The game lasted 00:03:23 (2552 turns).

lunkers the Ruffian (Troll Cinder Acolyte)          Turns: 2552, Time: 00:03:24

Health: -7/54      AC:  5    Str: 23    XL:     5   Next: 98%
Magic:  5/5        EV:  9    Int: 10    God:    Ignis [*****.]
Gold:   134        SH:  0    Dex:  5    Spells: 6/6 levels left

rFire   + . .      SeeInvis .     - Unarmed
rCold   . . .      Faith    .   (no shield)
rNeg    . . .      Spirit   .   a - +0 robe
rPois   .          Reflect  .   (helmet restricted)
rElec   .          Harm     .   l - +0 cloak
rCorr   .          Rampage  .   (gloves unavailable)
Will    .....                   (boots unavailable)
Stlth   +.........              (no amulet)
HPRegen 1.18/turn               (no ring)
MPRegen 0.09/turn               (no ring)

@: no status effects
A: large, unfitting armour, claws 3, regeneration 1, shaggy fur 1, tough skin 1
a: Renounce Religion, Sea of Fire, Foxfire Swarm, Rising Flame


You were on level 4 of the Dungeon.
You worshipped Ignis.
Ignis was extremely pleased with you.
You visited 1 branch of the dungeon, and saw 4 of its levels.

You collected 134 gold pieces.

Inventory:

Armour
 a - a +0 robe (worn)
 l - a +0 cloak (worn)
Jewellery
 d - a ring of fire
Wands
 k - a wand of flame (25)
Scrolls
 c - a scroll of teleportation {unknown}
 f - 2 scrolls of acquirement {unknown}
 i - 3 scrolls of identify {unknown}
 j - 3 scrolls of vulnerability {unknown}
Potions
 b - a potion of attraction {unknown}
 e - a potion of might {unknown}
 g - a potion of berserk rage {unknown}
 h - a potion of flight {unknown}
 m - a potion of lignification {unknown}


   Skills:
 + Level 3.7 Fighting
 * Level 5.8 Unarmed Combat
 - Level 1.0 Spellcasting
 - Level 2.1 Fire Magic


You had 6 spell levels left.
You didn't know any spells.
Your spell library contained the following spells:

 Spells                   Type           Power      Damage    Failure   Level
 Scorch                   Fire           8%         2d5       22%         2
 Ensorcelled Hibernation  Hex/Ice        0%         N/A       45%         2
 Tukima's Dance           Hex            0%         N/A       71%         3


Dungeon Overview and Level Annotations

Branches:
Dungeon (4/15)
 Temple: D:4-7

Altars:
Nemelex Xobeh
Okawaru
Trog
Zin

Annotations:
D:4 2 runed translucent doors


Innate Abilities, Weirdness & Mutations

You are too large for most types of armour.
You have claws for hands.
Your natural rate of healing is unusually fast.
You are covered in fur. (AC +1)
You have tough skin. (AC +1)


Message History

No target in view!
Found a glowing chain mail and a chain mail.
No target in view!
A quokka comes into view.
Found a scroll labelled KUKUETHREATI.
The orc shouts!
You closely miss the quokka. The quokka bites you.
A quokka is nearby!
You claw the quokka!
You kill the quokka!
No reachable target in view!
No reachable target in view!
No reachable target in view!
You open the large door. You claw the orc!
You kill the orc!
Found a scroll labelled UTZIPI QAHEW and a book of Scorching.
Found a large runed translucent door.
The orc priest barely misses you.
There is a large open translucent door, spattered with blood here.
You see here a +1 short sword of electrocution.
You closely miss the orc priest.
The orc priest hits you with a +0 hand axe of electrocution.
You are electrocuted!
You claw the orc priest!
The orc priest is heavily wounded.
The orc priest hits you with a +0 hand axe of electrocution.
* * * LOW HITPOINT WARNING * * *
You are electrocuted!!
* * * LOW HITPOINT WARNING * * *
You scratch the orc priest but do no damage.
The orc priest is heavily wounded.
The orc priest hits you with a +0 hand axe of electrocution.
* * * LOW HITPOINT WARNING * * *
You are electrocuted!
* * * LOW HITPOINT WARNING * * *
You barely miss the orc priest.
The orc priest is heavily wounded.
The orc priest invokes the aid of Beogh against you.
Beogh smites you!
You die...

##++## .
##8..8##.##
#8....8#..#
#:....[#.?.
#?....[#.
#8....8#
###8o.8#
+.##@'##..# #
#........# #.
#..#######
##.# ##..#
...######...#
#..........#
##.........##
#.........##
#.........#


You could see an orc priest.

Vanquished Creatures
  A hound (D:4)
  An orc priest (D:3)
  Crazy Yiuf (D:2)
  An orc wizard (D:3)
  A gnoll (D:1)
  3 adders
  A river rat (D:3)
  2 worms
  A dart slug (D:4)
  4 orcs
  5 bats
  6 endoplasms
  4 giant cockroaches
  7 goblins
  8 hobgoblins
  15 jackals
  7 kobolds
  5 quokkas
  7 ball pythons
  3 frilled lizards
  6 rats
89 creatures vanquished.

Notes
Turn   | Place    | Note
-------+----------+-------------------------------------------
     0 | D:1      | lunkers the Troll Cinder Acolyte began the quest for the
                  | Orb.
     0 | D:1      | Reached XP level 1. HP: 22/22 MP: 1/1
   101 | D:1      | Reached XP level 2. HP: 29/29 MP: 2/2
   325 | D:1      | Reached XP level 3. HP: 26/36 MP: 3/3
   470 | D:1      | Reached skill level 4 in Unarmed Combat
   988 | D:2      | Reached XP level 4. HP: 38/45 MP: 4/4
  1065 | D:2      | You fall into a shaft and drop 1 floor!
  1226 | D:2      | Reached skill level 5 in Unarmed Combat
  1272 | D:2      | Reached XP level 5. HP: 53/53 MP: 5/5
  1357 | D:2      | Found a runed translucent door.
  1358 | D:2      | Noticed Crazy Yiuf
  1906 | D:2      | Killed Crazy Yiuf
  2008 | D:3      | Found an iron altar of Okawaru.
  2109 | D:3      | Found a faded altar of an unknown god.
  2226 | D:3      | Found a bloodstained altar of Trog.
  2238 | D:3      | Found a glowing silver altar of Zin.
  2254 | D:3      | Found a sparkling altar of Nemelex Xobeh.
  2536 | D:4      | Found a large runed translucent door.
  2542 | D:4      | Found a large runed translucent door.
  2548 | D:4      | Found a large runed translucent door.
  2548 | D:4      | Found a large runed translucent door.
  2552 | D:4      | Killed from afar by an orc priest

Illustrated notes

Levels and vault maps discovered:
D:1:      eino_arrival_water_star, layout_basic, serial_forest,
          infiniplex_forest_straight_5, infiniplex_forest_clump_double,
          infiniplex_forest_clump_curved, infiniplex_forest_zigzag_1,
          infiniplex_forest_lined_corner, infiniplex_forest_clump_double,
          infiniplex_forest_straight_3, infiniplex_forest_clump_curved,
          corexii_corridor_pit, minmay_misc_feat_roman, st_stairs_4
D:2:      layout_basic, uniq_crazy_yiuf_cottage
D:3:      layout_rooms, nicolae_overflow_quartered_altars,
          basic_ecumenical_altar, portal_sewer_entry_b, minmay_crystal_room
D:4:      layout_basic, minmay_hollow_rounded_squares, uniq_grinder

Skill      XL: |  1  2  3  4 |
---------------+-------------+-----
Unarmed Combat | 4 5 |  5.8
Fighting       | 3 |  3.7
Spellcasting   | |  1.0
Fire Magic     | |  2.1

Action                   |  1- 3 |  4- 6 || total
-------------------------+-------+-------++-------
Melee: Unarmed           |   115 |   145 ||   260
       Punch             |     2 |     2 ||     4
Armor: Robe              |    57 |    52 ||   109
Dodge: Dodged            |    85 |    49 ||   134

Table legend: (Time is in decaauts)
 A = Elapsed time spent in this place.
 B = Non-inter-level travel time spent in this place.
 C = Inter-level travel time spent in this place.
 D = Time resting spent in this place.
 E = Time spent auto-exploring this place.
 F = Levels seen in this place.
 G = Mean time per level.
                   A        B        C        D        E       F      G
               +--------+--------+--------+--------+--------+-----+--------+
         Total |   2534 |   2439 |     95 |      0 |   1922 |   4 |  633.5 |
       Dungeon |   2534 |   2439 |     95 |      0 |   1922 |   4 |  633.5 |
               +--------+--------+--------+--------+--------+-----+--------+

Top non-repeatable levels by time:
     D:2: 912 daAuts
     D:1: 908 daAuts
     D:3: 585 daAuts
     D:4: 129 daAuts
